 Dungeon Crawl Stone Soup version 0.29.0-4-gdea44cf6ec (webtiles) character file.

Game seed: 8050834623877862276

542 qw the Cleaver (level 7, -7/41 HPs)
             Began as a Tengu Warper on Aug 28, 2022.
             Was an Initiate of Okawaru.
             Mangled by an ice beast (11 damage)
             ... on level 5 of the Dungeon.
             The game lasted 00:00:30 (3530 turns).

qw the Cleaver (Tengu Warper)                       Turns: 3530, Time: 00:00:31

Health: -7/41      AC:  6    Str: 13    XL:     7   Next: 27%
Magic:  11/11      EV: 11    Int: 14    God:    Okawaru [......]
Gold:   250        SH:  0    Dex: 13    Spells: 10/10 levels left

rFire   . . .      SeeInvis .   Y - +0 war axe
rCold   . . .      Faith    .   (no shield)
rNeg    . . .      Spirit   .   k - +0 scale mail
rPois   .          Reflect  .   (helmet restricted)
rElec   .          Harm     .   (no cloak)
rCorr   .          Rampage  .   (no gloves)
Will    .....                   (boots unavailable)
Stlth   ..........              l - amulet of regeneration
HPRegen 0.93/turn               (no ring)
MPRegen 0.12/turn               (no ring)

@: marked, flying quickly and evasively, quick
A: beak, talons 3, nimble flight
a: Renounce Religion


You were on level 5 of the Dungeon.
You worshipped Okawaru.
Okawaru was noncommittal.
You visited 2 branches of the dungeon, and saw 6 of its levels.

You collected 250 gold pieces.


Innate Abilities, Weirdness & Mutations

You have a beak for a mouth.
You have claws for feet.
Your magical nature lets you fly swiftly and evasively.


   Skills:
 - Level 3.0 Fighting
 + Level 8.1 Axes
 - Level 1.0 Throwing
 - Level 1.1 Armour
 - Level 2.1 Dodging
 - Level 2.0 Spellcasting
 - Level 2.4 Translocations


You had 10 spell levels left.
You didn't know any spells.
Your spell library contained the following spells:

 Spells                   Type           Power      Damage    Failure   Level
 Blink                    Tloc           16%        N/A       54%         2
 Gell's Gravitas          Tloc           8%         N/A       78%         3
 Lesser Beckoning         Tloc           8%         N/A       78%         3
 Teleport Other           Tloc           8%         N/A       78%         3
 Manifold Assault         Tloc           8%         N/A       100%        5

Inventory:

Hand Weapons
 m - a +0 hand axe of flaming
 Y - a +0 war axe (weapon)
Missiles
 b - 2 silver boomerangs (quivered)
Armour
 k - a +0 scale mail (worn)
Jewellery
 l - an amulet of regeneration (around neck)
Scrolls
 g - 2 scrolls of identify
 h - a scroll of enchant armour
Potions
 f - a potion of cancellation

Dungeon Overview and Level Annotations

Branches:
Dungeon (5/15)             Temple (1/1) D:4

Altars:
Ashenzari
Cheibriados
Dithmenos
Fedhas
Gozag
Okawaru
Qazlal
Ru
Sif Muna
Trog
Uskayaw
Vehumet
Xom
Yredelemnul
The Shining One

Shops:
D:3 :   D:5 :


Message History

The scorpion is heavily wounded.
The gnoll hits you from afar with a +0 spear.
An orc comes into view. It is wielding a +0 dagger.
An ice beast comes into view.
The scorpion closely misses you.
You hit the scorpion but do no damage. You claw the scorpion.
Your punch misses the scorpion.
The scorpion is heavily wounded.
You slash the orc priest! The scorpion stings you.
The orc priest hits you with a +2 vorpal flail.
The gnoll misses you. The scorpion closely misses you.
You slash the orc priest!
You kill the orc priest!
Okawaru accepts your kill.
You slash the scorpion!
You kill the scorpion!
Okawaru accepts your kill.
An orc comes into view. It is wielding a +0 dagger.
The gnoll hits you but does no damage. The gnoll barely misses you.
Your Axes skill increases to level 8!
You closely miss the orc. You claw the orc.
The orc is heavily wounded.
The gnoll hits you from afar with a +0 spear.
An orc comes into view. It is wielding a +0 flail.
The orc hits you but does no damage.
You slash the orc!
You kill the orc!
Okawaru accepts your kill.
An ogre comes into view. It is wielding a +0 giant club.
The gnoll barely misses you.
You hit the orc. You claw the orc.
You kill the orc!
Okawaru accepts your kill.
The gnoll hits you from afar with a +0 spear.
You hit the ice beast but do no damage. You claw the ice beast!
The ice beast is moderately wounded.
The gnoll hits you from afar with a +0 spear.
The ice beast hits you. The ice beast freezes you!
You die...

####### #.....# #
####.....#####.$.#
........OY@)g.....
###....o####.....
#.....# }..
###..... \ #.#####
#o #. #. #.


You could see an ice beast, an ogre, a gnoll and an orc.

Vanquished Creatures
  A scorpion (D:5)
  A gnoll bouda (D:4)
  2 orc priests
  A jelly (D:5)
  2 iguanas
  4 orc wizards
  5 gnolls
  4 adders
  A white imp (D:4)
  An ufetubus (D:4)
  A worm (D:2)
  2 dart slugs
  21 orcs
  6 endoplasms
  2 giant cockroaches
  7 goblins
  6 hobgoblins
  5 jackals (D:1)
  2 quokkas
  7 ball pythons
  7 bats
  A frilled lizard (D:3)
  15 kobolds
  2 rats
106 creatures vanquished.

Vanquished Creatures (others)
  2 fungi (D:4)
  3 plants (D:1)
5 creatures vanquished.

Grand Total: 111 creatures vanquished

Notes
Turn   | Place    | Note
-------+----------+-------------------------------------------
     0 | D:1      | qw the Tengu Warper began the quest for the Orb.
     0 | D:1      | Reached XP level 1. HP: 12/12 MP: 4/4
     0 | D:1      | 0 ||| qw: Version: 0.1-a-89-g26bdef1
     0 | D:1      | 0 ||| qw: Game counter: 2536
     0 | D:1      | 0 ||| qw: Always use a shield: true
     0 | D:1      | 0 ||| qw: God list: Okawaru
     0 | D:1      | 0 ||| qw: Allow faded altars: false
     0 | D:1      | 0 ||| qw: Do Orc after D:15 true
     0 | D:1      | 0 ||| qw: Do second Lair branch before Depths: true
     0 | D:1      | 0 ||| qw: Lair rune preference: random
     0 | D:1      | 0 ||| qw: Plans: Normal
     0 | D:1      | 0 ||| PLANNING D:1-11
    26 | D:1      | 26 ||| Stepping ~*~*~tactically~*~*~ (stealth).
    40 | D:1      | Reached XP level 2. HP: 13/17 MP: 6/6
   138 | D:1      | Reached skill level 3 in Axes
   575 | D:1      | 575 ||| Stepping ~*~*~tactically~*~*~ (stealth).
   691 | D:1      | Reached XP level 3. HP: 15/21 MP: 7/7
  1058 | D:1      | 1058 ||| DROPPING +0 club.
  1176 | D:1      | You fall into a shaft and drop 1 floor!
  1203 | D:2      | 1203 ||| UPGRADING to amulet of regeneration.
  1208 | D:2      | 1208 ||| READING scroll labelled VAOSIU HAENKUI.
  1209 | D:2      | 1209 ||| READING scroll labelled FICEUP YG IFRO.
  1221 | D:2      | Reached skill level 4 in Axes
  1230 | D:2      | 1230 ||| READING scroll labelled OLIMAU QODWA.
  1231 | D:2      | 1231 ||| READING scroll labelled XUFFETUDE.
  1232 | D:2      | 1232 ||| DRINKING 2 blue potions.
  1233 | D:2      | 1233 ||| DROPPING scroll of blinking.
  1242 | D:2      | 1242 ||| SWAPPING to +0 war axe.
  1268 | D:2      | 1268 ||| DROPPING +0 hand axe.
  1323 | D:2      | Reached XP level 4. HP: 26/26 MP: 8/8
  2020 | D:2      | Found a faded altar of an unknown god.
  2114 | D:2      | 2114 ||| UPGRADING to +0 ring mail.
  2124 | D:2      | 2124 ||| DROPPING +0 leather armour.
  2173 | D:3      | Reached skill level 5 in Axes
  2173 | D:3      | 2173 ||| FLEEEEING.
  2174 | D:3      | 2174 ||| FLEEEEING.
  2192 | D:3      | 2192 ||| DRINKING potion of curing.
  2192 | D:3      | 2192 ||| (to cure confusion)
  2196 | D:3      | Gained mutation: Your magical nature lets you fly swiftly
                  | and evasively. [Tengu growth]
  2196 | D:3      | Reached XP level 5. HP: 23/30 MP: 9/9
  2214 | D:3      | 2214 ||| DROPPING +0 whip.
  2234 | D:3      | 2234 ||| Stepping ~*~*~tactically~*~*~ (stealth).
  2247 | D:3      | 2247 ||| Stepping ~*~*~tactically~*~*~ (hiding).
  2248 | D:3      | 2248 ||| Stepping ~*~*~tactically~*~*~ (stealth).
  2249 | D:3      | 2249 ||| Stepping ~*~*~tactically~*~*~ (stealth).
  2252 | D:3      | 2252 ||| Stepping ~*~*~tactically~*~*~ (hiding).
  2259 | D:3      | Reached skill level 6 in Axes
  2342 | D:3      | Found Qiuw's Book Emporium.
  2390 | D:3      | Found an opulent altar of Gozag.
  2672 | D:3      | 2672 ||| UPGRADING to +0 scale mail.
  2682 | D:3      | 2682 ||| DROPPING +0 ring mail.
  2683 | D:3      | 2683 ||| DRINKING 3 fuming pink potions.
  2684 | D:3      | 2684 ||| READING 4 scrolls of identify.
  2684 | D:3      | 2684 ||| IDENTIFYING fizzy grey potion
  2685 | D:3      | 2685 ||| READING 3 scrolls of identify.
  2685 | D:3      | 2685 ||| IDENTIFYING pink potion
  2686 | D:3      | 2686 ||| READING 2 scrolls of identify.
  2686 | D:3      | 2686 ||| IDENTIFYING brown potion
  2687 | D:3      | 2687 ||| DROPPING potion of degeneration.
  2688 | D:3      | 2688 ||| DROPPING potion of lignification.
  2800 | D:4      | Reached XP level 6. HP: 35/35 MP: 10/10
  2887 | D:4      | 2887 ||| Stepping ~*~*~tactically~*~*~ (hiding).
  2894 | D:4      | Reached skill level 7 in Axes
  2904 | D:4      | HP: 9/36 [white imp/puff of frost (7)]
  2905 | D:4      | 2905 ||| READING scroll of teleportation.
  2906 | D:4      | 2906 ||| DRINKING 2 potions of heal wounds.
  2907 | D:4      | Found a broken altar of Ashenzari.
  2954 | D:4      | 2954 ||| Stepping ~*~*~tactically~*~*~ (hiding).
  2963 | D:4      | Reached skill level 3 in Fighting
  2966 | D:4      | 2966 ||| Stepping ~*~*~tactically~*~*~ (stealth).
  3048 | D:4      | Found a staircase to the Ecumenical Temple.
  3049 | D:4      | 3049 ||| PLANNING TEMPLE
  3064 | Temple   | Entered the Ecumenical Temple
  3064 | Temple   | Found a transporter.
  3064 | Temple   | Found a transporter.
  3066 | Temple   | Found a transporter.
  3066 | Temple   | Found a transporter.
  3076 | Temple   | 3076 ||| PLANNING D:1-11
  3143 | Temple   | Became a worshipper of Warmaster Okawaru
  3448 | D:4      | 3448 ||| READING scroll labelled PIMOJINIFF.
  3478 | D:5      | Entered Level 5 of the Dungeon
  3490 | D:5      | Noticed an orc warrior
  3504 | D:5      | HP: 7/37 [orc warrior/+0 flail of holy wrath (8)]
  3505 | D:5      | 3505 ||| READING scroll of teleportation.
  3506 | D:5      | 3506 ||| DRINKING potion of heal wounds.
  3508 | D:5      | HP: 3/37 [orc warrior/+0 flail of holy wrath (4)]
  3512 | D:5      | Reached XP level 7. HP: 7/41 MP: 11/11
  3517 | D:5      | 3517 ||| Stepping ~*~*~tactically~*~*~ (hiding).
  3520 | D:5      | Found Afralec's Vocational Training.
  3527 | D:5      | Reached skill level 8 in Axes
  3529 | D:5      | HP: 9/41 [gnoll/+0 spear (6)]
  3530 | D:5      | HP: 4/41 [ice beast (4)]
  3530 | D:5      | Mangled by an ice beast

Levels and vault maps discovered:
D:1:      erik_arrival_triangle_medium, layout_loops_corners,
          chequers_serial_rivers_large_a, reono_crystal_passage,
          chequers_big_river
D:2:      layout_rooms, hellmonk_ecumenical_altar_run_dry
D:3:      layout_basic, nicolae_gozag_seed_capital, serial_shops, shop
D:4:      layout_loops_cross, mainiacjoe_overflow_chevrons,
          minmay_temple_entry_butterflies
D:5:      layout_loops_ring, minmay_tree_intersection, nicolae_shop_vocational
Temple:   hellmonk_temple_divided_pantheon

Skill      XL: |  1  2  3  4  5  6  7 |
---------------+----------------------+-----
Axes           | 3 4 5 6 7 8 |  8.1
Fighting       | 3 |  3.0
Throwing       | |  1.0
Armour         | |  1.1
Dodging        | |  2.1
Spellcasting   | |  2.0
Translocations | |  2.4

Action                   |  1- 3 |  4- 6 |  7- 9 || total
-------------------------+-------+-------+-------++-------
Melee: Hand axe          |    55 |       |       ||    55
       Peck              |    11 |    19 |       ||    30
       Kick              |     9 |    35 |     6 ||    50
       War axe           |    20 |   158 |    11 ||   189
Throw: Boomerang         |     7 |    33 |     3 ||    43
       Javelin           |       |    10 |       ||    10
  Use: Scroll            |     4 |     6 |       ||    10
       Potion            |     1 |     4 |       ||     5
Armor: Leather armour    |    19 |     7 |       ||    26
       Ring mail         |       |    16 |       ||    16
       Scale mail        |       |    26 |     4 ||    30
Dodge: Dodged            |    40 |    96 |     7 ||   143

Table legend:
 A = Non-vault XP
 B = Vault XP
 C = Vault XP percentage of total XP
 D = Non-vault monster count
 E = Vault monster count
 F = Vault count percentage of total count
                 A         B        C        D         E       F
            +---------+---------+-------+---------+---------+-------
      Total |     775 |       0 |   0.0 |     106 |       0 |   0.0
            +---------+---------+-------+---------+---------+-------
        D:1 |      47 |       0 |   0.0 |      27 |       0 |   0.0
        D:2 |      60 |       0 |   0.0 |      18 |       0 |   0.0
        D:3 |     196 |       0 |   0.0 |      25 |       0 |   0.0
        D:4 |     262 |       0 |   0.0 |      25 |       0 |   0.0
        D:5 |     210 |       0 |   0.0 |      11 |       0 |   0.0
            +---------+---------+-------+---------+---------+-------
